 Dungeon Crawl Stone Soup version 0.23.1 (webtiles) character file.

Game seed: 9823410989219451762

353 Borgoz the Skirmisher (level 6, -5/53 HPs)
             Began as a Ghoul Monk on Mar 18, 2019.
             Slain by a warg (6 damage)
             ... on level 4 of the Dungeon.
             The game lasted 00:07:12 (3180 turns).

Borgoz the Skirmisher (Ghoul Monk)                  Turns: 3180, Time: 00:07:12

Health: -5/53      AC: 10    Str: 13 (15) XL:     6   Next: 62%
Magic:  5/5        EV: 12    Int:  4 (6)  God:
Gold:   207        SH:  0    Dex: 11 (12) Spells: 5/5 levels left

rFire    . . .     SeeInvis .   n - +0 dagger (curse)
rCold    + . .     Gourm    .   (no shield)
rNeg     + + +     Faith    .   l - +0 ring mail
rPois    ∞         Spirit   .   (no helmet)
rElec    .         Reflect  .   (no cloak)
rCorr    .         Harm     .   m - +1 pair of gloves
MR       .....                  e - +2 pair of boots
Stlth    ++........             b - amulet of the acrobat
HPRegen  0.00/turn              (no ring)
MPRegen  0.09/turn              (no ring)

@: rotting
A: rotting body, claws 1, carnivore, cold resistance 1, negative energy
resistance 3, inhibited regeneration, torment resistance, unbreathing
a: no special abilities


You were on level 4 of the Dungeon.
You were not hungry.

You visited 1 branch of the dungeon, and saw 4 of its levels.

You collected 207 gold pieces.

Inventory:

Hand Weapons
 h - a +2 dagger of protection
 n - a cursed +0 dagger (weapon)
Armour
 e - a +2 pair of boots (worn)
 l - a +0 ring mail (worn)
 m - a +1 pair of gloves (worn)
Jewellery
 b - an amulet of the acrobat (around neck)
Wands
 d - a wand of polymorph (2)
Scrolls
 f - a scroll of remove curse
 i - 2 scrolls of magic mapping
 j - a scroll of enchant armour
Potions
 a - a potion of curing
 g - 2 potions of degeneration
Comestibles
 c - 4 rations
 k - 4 chunks of flesh


   Skills:
 + Level 4.5 Fighting
 + Level 4.5 Short Blades
 + Level 0.4 Armour
 + Level 4.0 Dodging
 + Level 3.8 Stealth


You had 5 spell levels left.
You didn't know any spells.
Your spell library was empty.

Dungeon Overview and Level Annotations

Branches:
Dungeon (4/15)
 Temple: D:4-7

Altars:
Cheibriados
Ru


Innate Abilities, Weirdness & Mutations

Your body is rotting away.
You thrive on raw meat.
You are immune to poison.
You have sharp fingernails.
You are carnivorous and can eat meat at any time.
Your flesh is cold resistant. (rC+)
You are immune to negative energy. (rN+++)
You do not regenerate when monsters are visible.
You are immune to unholy pain and torment.
You can survive without breathing.


Message History

You hit the warg but do no damage. The hound bites you but does no damage.
The warg bites you.
* * * LOW HITPOINT WARNING * * *
The hound bites you but does no damage.
You closely miss the warg. The warg bites you but does no damage.
The hound barely misses you. The orc completely misses you.
You hit the warg.
The warg is lightly wounded.
The tengu closely misses you. The tengu pecks you.
* * * LOW HITPOINT WARNING * * *
The tengu barely misses you. The hound bites you.
* * * LOW HITPOINT WARNING * * *
The warg bites you!
* * * LOW HITPOINT WARNING * * *
The orc misses you.
Unknown command.
You barely miss the orc. The hound bites you but does no damage.
The tengu barely misses you. The tengu misses you. The tengu barely misses you.
The warg bites you.
You die...

#.## #.# #..# #)# ##.###
#.##### .
#.#.+######.#...##..
#.#.#....≈#.........
#...#....≈#.........
######..#....≈#.........
#.......#≈≈≈≈≈#hhQ......
#.......######)#@o......
#..............##...##..
........#####..#######.
.......................
#.......#########.....h
#......)..).[..........
####......##...........
##.....................
...##.#######.)........


You could see a warg, a tengu, a hound and an orc.

Vanquished Creatures
  A howler monkey (D:4)
  An orc priest (D:4)
  Ijyb (D:3)
  2 worker ants
  An iguana (D:4)
  7 adders
  An ooze (D:1)
  An adder skeleton (D:4)
  4 worms
  5 dart slugs
  3 leopard geckos
  5 orcs
  11 bats
  3 giant cockroaches
  7 goblins
  12 hobgoblins
  7 jackals
  3 kobolds
  A quokka (D:3)
  A ball python (D:3)
  5 frilled lizards
  8 rats
90 creatures vanquished.

Notes
Turn   | Place    | Note
-------+----------+-------------------------------------------
     0 | D:1      | Borgoz the Ghoul Monk began the quest for the Orb.
     0 | D:1      | Reached XP level 1. HP: 19/19 MP: 0/0
    74 | D:1      | Reached XP level 2. HP: 14/26 MP: 1/1
   395 | D:1      | Reached XP level 3. HP: 33/33 MP: 2/2
  1039 | D:2      | Reached XP level 4. HP: 30/39 MP: 3/3
  1480 | D:2      | Found a snail-covered altar of Cheibriados.
  1480 | D:2      | Found a sacrificial altar of Ru.
  1915 | D:2      | Reached XP level 5. HP: 35/46 MP: 4/4
  2025 | D:3      | Noticed Ijyb
  2046 | D:3      | Killed Ijyb
  2739 | D:4      | Reached XP level 6. HP: 18/53 MP: 5/5
  3165 | D:4      | Noticed a wyvern
  3165 | D:4      | an ogre changed into a wyvern
  3175 | D:4      | Noticed a warg
  3175 | D:4      | a wyvern changed into a warg
  3179 | D:4      | HP: 1/53 [warg (7)]
  3180 | D:4      | Slain by a warg

Skill      XL: |  1  2  3  4  5  6 |
---------------+-------------------+-----
Short Blades   | 3 4 |  4.5
Dodging        | 3 4 |  4.0
Fighting       | 4 |  4.5
Stealth        | 3 |  3.8
Armour         | |  0.4

Action                   |  1- 3 |  4- 6 || total
-------------------------+-------+-------++-------
Melee: Short sword       |   141 |   230 ||   371
       Dagger            |       |   147 ||   147
Evoke: Wand              |       |     5 ||     5
  Use: Potion            |     1 |     2 ||     3
       Scroll            |       |     4 ||     4
 Stab: Sleeping          |     2 |     9 ||    11
       Distracted        |       |     2 ||     2
  Eat: Chunk             |     6 |    14 ||    20
Armor: Robe              |    39 |    68 ||   107
       Ring mail         |       |    57 ||    57
Dodge: Dodged            |   104 |   259 ||   363
